 Dungeon Crawl Stone Soup version 0.17-a0-2118-g63bad21 (webtiles) character file.

55 4thArraOfDagon the Chopper (level 3, 0/20 HPs)
             Began as a Vine Stalker Berserker on Oct 20, 2015.
             Was a Believer of Trog.
             Shot with an arrow by a centaur (5 damage)
             ... on level 5 of the Dungeon.
             The game lasted 00:01:45 (320 turns).

4thArraOfDagon the Chopper (Vine Stalker Berserker)  Turns: 320, Time: 00:01:45

Health: 0/20       AC:  6    Str: 19    XL:     3   Next: 93%
Magic:  0/4        EV: 10    Int:  8    God:    Trog [**....]
Gold:   0          SH:  0    Dex: 13    Spells: 0 memorised, 2 levels left

rFire  . . .     SeeInvis .     a - +0 hand axe
rCold  . . .     Clarity  .     d - +0 scale mail
rNeg   . . .     SustAt   .     (no shield)
rPois  .         Gourm    .     (no helmet)
rElec  .         Spirit   +     (no cloak)
rCorr  .         Warding  .     (no gloves)
rMut   .         Stasis   .     (no boots)
MR     .....                    (no amulet)
Stlth  ..........               (no ring)
                                (no ring)

@: not resistant to hostile enchantments, extremely unstealthy
A: fangs 2, regeneration 1, magic shield, antimagic bite, no device heal 3, rot
immunity
a: Berserk, Trog's Hand, Burn Spellbooks, Renounce Religion


You were on level 5 of the Dungeon.
You worshipped Trog.
Trog was pleased with you.
You were not hungry.

You visited 1 branch of the dungeon, and saw 5 of its levels.

Inventory:

Hand Weapons
 a - a +0 hand axe (weapon)
Armour
 d - a +0 scale mail (worn)
Potions
 b - a potion of heal wounds {unknown}
 e - a potion of curing {unknown}
 f - a potion of magic {unknown}
Comestibles
 c - a bread ration
 g - 2 chunks of flesh


   Skills:
 + Level 3.1 Fighting
 * Level 3.6 Axes
 + Level 2.0 Armour
 - Level 1.5 Dodging


You had 2 spell levels left.
You didn't know any spells.

Dungeon Overview and Level Annotations

Branches:
Dungeon (5/15)
 Temple: D:4-7

Altars:


Innate Abilities, Weirdness & Mutations

You have extremely sharp teeth.
Your natural rate of healing is unusually fast.
When hurt, damage is shared between your health and your magic reserves.
Your bite disrupts and absorbs the magic of your enemies.
Potions and wands cannot restore your health.
You are immune to rotting.


Message History

You closely miss the jackal. You hit the jackal but do no damage.
The quokka bites you but does no damage.
The jackal barely misses you. x2
The jackal bites you but does no damage.
The centaur shoots an arrow.
The arrow barely misses you.
The arrow hits the jackal.
The jackal closely misses you.
The quokka bites you but does no damage.
A giant frog comes into view.
Unknown command.
The giant frog croaks.
The jackal bites you.
The centaur shoots an arrow.
The arrow hits you!
* * * LOW HITPOINT WARNING * * *
The jackal bites you.
* * * LOW HITPOINT WARNING * * *
The jackal bites you but does no damage.
You see here an arrow.
Unknown command.
Unknown command.
The centaur shoots an arrow.
The arrow hits you!
You die...

#......#
#.....c##
#.......
#.....# #.....#
####.....#
#....hr..#
#...hh(..#####
#....#@#......
#F...#<.......
......##.......
###.... .......
#.... ..###.#
##.## ... #
)... ##.## ..


You could see a centaur, a quokka and 3 jackals.

Vanquished Creatures
  A hound skeleton (D:2)
  2 adders (D:3)
  An adder skeleton (D:2)
  A worm (D:3)
  A giant cockroach (D:2)
  5 goblins
  3 hobgoblins
  A bat (D:3)
  2 kobolds (D:3)
  3 rats
20 creatures vanquished.

Vanquished Creatures (others)
  A hobgoblin (D:1)
  A jackal (D:5)
2 creatures vanquished.

Grand Total: 22 creatures vanquished

Notes
Turn   | Place    | Note
--------------------------------------------------------------
     0 | D:1      | 4thArraOfDagon the Vine Stalker Berserker began the quest for the Orb.
     0 | D:1      | Reached XP level 1. HP: 11/11 MP: 2/2
    62 | D:2      | Reached skill level 3 in Axes
    62 | D:2      | Reached XP level 2. HP: 16/16 MP: 3/3
   143 | D:2      | Reached XP level 3. HP: 19/19 MP: 4/4
   272 | D:3      | Reached ** piety under Trog
   314 | D:5      | Entered Level 5 of the Dungeon
   317 | D:5      | Noticed a centaur
   319 | D:5      | Noticed a giant frog
   320 | D:5      | Shot with an arrow by a centaur

Vault maps used:
D:1:      shiori_arrival_oz, minmay_cupped
D:2:      overflow_temple_1_default, first_bread, serial_undead,
          serial_undead_b, serial_undead_f, serial_undead_e, serial_undead_a,
          serial_undead_a, serial_undead_f, corexii_shack
D:3:      tgw_trog
D:4:      minmay_misc_feat_secret_circle, kennysheep_generic_room_16, uniq_pikel
D:5:      makhleb_blood_cavern_becter, okawaru_metal_pillars_3,
          minmay_temple_entry_large_hall, moated_statue,
          hangedman_abyss_or_decor_stabs

Action                   || total
-------------------------++-------
Melee: Hand axe          ||    42
Invok: Berserk           ||     2
